 Dungeon Crawl Stone Soup version 0.30.0-5-g1a98f26d00 (webtiles) character file.

Game seed: 3077703525801222183

102 voltaire321 the Digger (level 4, 0/25 HPs)
             Began as a Deep Elf Earth Elementalist on May 10, 2023.
             Slain by a sleepcap (8 damage)
             ... on level 3 of the Dungeon.
             The game lasted 00:05:13 (2269 turns).

voltaire321 the Digger (DEEE)                       Turns: 2269, Time: 00:05:13

Health: 0/25       AC:  3    Str:  7    XL:     4   Next: 50%
Magic:  5/11       EV: 13    Int: 20    God:
Gold:   126        SH:  0    Dex: 15    Spells: 4/10 levels left

rFire   . . .        f - staff of earth
rCold   . . .        (no shield)
rNeg    . . .        a - +0 robe
rPois   .            (no helmet)
rElec   .            (no cloak)
rCorr   .            m - +0 pair of gloves
SInv    .            (no boots)
Will    .....        (no amulet)
Stlth   ++           (no ring)
HPRegen 0.24/turn    (no ring)
MPRegen 0.12/turn

%: no passive effects
@: very slightly contaminated
A: no striking features
a: no special abilities


You were on level 3 of the Dungeon.
You visited 1 branch of the dungeon, and saw 3 of its levels.

You collected 126 gold pieces.

Inventory:

Hand Weapons
 c - a +1 whip of venom
 d - a +1 short sword of venom
Armour
 a - a +0 robe (worn)
 m - a +0 pair of gloves (worn)
Magical Staves
 f - a staff of earth (weapon)
Wands
 l - a wand of mindburst (16)
Scrolls
 g - a scroll of noise {unknown}
 h - a scroll of vulnerability {unknown}
 i - 2 scrolls of enchant weapon {unknown}
 o - a scroll of silence {unknown}
Potions
 b - a potion of magic
 e - a potion of might {unknown}
 j - a potion of haste {unknown}
 k - a potion of lignification {unknown}
 n - a potion of curing {unknown}
 p - a potion of flight {unknown}


   Skills:
 + Level 1.0 Fighting
 + Level 1.3 Armour
 + Level 3.1 Dodging
 - Level 2.4 Stealth
 + Level 3.7 Spellcasting
 + Level 0.6 Conjurations
 - Level 2.0 Transmutations
 + Level 3.8 Earth Magic


You had 4 spell levels left.
You knew the following spells:

 Your Spells              Type           Power      Damage    Failure   Level
a - Sandblast             Erth           56%        2d13      2%          1
b - Passwall              Tmut/Erth      19%        N/A       6%          2
c - Stone Arrow           Conj/Erth      38%        3d9       16%         3

Your spell library contained the following spells:

 Spells                   Type           Power      Damage    Failure   Level
 Blink                    Tloc           6%         N/A       21%         2
 Petrify                  Tmut/Erth      23%        N/A       36%         4
 Leda's Liquefaction      Hex/Erth       8%         N/A       52%         4
 Manifold Assault         Tloc           3%         N/A       78%         4
 Lee's Rapid Deconstruct  Erth           14%        3d9*      58%         5
 Statue Form              Tmut/Erth      15%        N/A       99%         6
 Storm Form               Tmut/Air       3%         N/A       100%        7


Dungeon Overview and Level Annotations

Branches:
Dungeon (3/15)

Altars:


Message History

Press: ? - help, Q - select action, (/) - cycle Shift-Dir - straight line, f/p - orc
Aim: an orc, wielding a +0 club, wearing a +0 chain mail and wearing a ring of ice (moderately wounded, 87% to hit)
You feel a surge of power!
The blast of sand hits the orc.
You kill the orc!
Aiming: Sandblast (safe; 2% risk of failure)
Press: ? - help, Q - select action, (/) - cycle Shift-Dir - straight line, f - sleepcap
Aim: a sleepcap (100% to hit)
You feel a surge of power!
The blast of sand hits the sleepcap but does no damage.
The sleepcap releases spores at you but does no damage.
The sleepcap attacks as you move away! The sleepcap barely misses you.
Aiming: Sandblast (safe; 2% risk of failure)
Press: ? - help, Q - select action, (/) - cycle Shift-Dir - straight line, f/p - sleepcap
Aim: a sleepcap (100% to hit)
You feel a surge of power!
The blast of sand hits the sleepcap!
The sleepcap is heavily damaged.
The sleepcap barely misses you. The sleepcap releases spores at you.
Aiming: Sandblast (safe; 2% risk of failure)
Press: ? - help, Q - select action, (/) - cycle Shift-Dir - straight line, f/p - sleepcap
Aim: a sleepcap (heavily damaged, 100% to hit)
You feel a surge of power!
You miscast Sandblast.
You are very lightly contaminated with residual magic.
Nothing appears to happen.
The sleepcap releases spores at you.
You are engulfed in a cloud of soporific spores!
You fall asleep.
The sleepcap releases spores at you!
You wake up.
Aiming: Sandblast (safe; 2% risk of failure)
Press: ? - help, Q - select action, (/) - cycle Shift-Dir - straight line, f/p - sleepcap
Aim: a sleepcap (heavily damaged, 100% to hit)
You feel a surge of power!
The blast of sand hits the sleepcap!
The sleepcap is severely damaged.
The sleepcap closely misses you.
Aiming: Sandblast (safe; 2% risk of failure)
Press: ? - help, Q - select action, (/) - cycle Shift-Dir - straight line, f/p - sleepcap
Aim: a sleepcap (severely damaged, 100% to hit)
You feel a surge of power!
The blast of sand hits the sleepcap.
The sleepcap is almost destroyed.
The sleepcap closely misses you. The sleepcap releases spores at you!
You die...

#.#####.########
#.#...............
#.#######.#######. #.#
#.# #..#.# ##.# .
#..#.# ##..# ?. #..#.#
##..## ... #.!#.#
#..## ....
#..#@####.## .....
#..#f#....######
......#..#oo.........#
#)).....########.#
#......o#### #..#.#..#
... #..... # #.....#
..<.....


You could see a sleepcap and 2 orcs.

Vanquished Creatures
  6 adders
  2 orcs (D:3)
  3 bats
  4 endoplasms
  2 giant cockroaches
  2 goblins
  A hobgoblin (D:2)
  4 jackals (D:1)
  5 kobolds (D:1)
  2 quokkas
  4 ball pythons
  4 frilled lizards
  7 rats
46 creatures vanquished.

Notes
Turn   | Place    | Note
-------+----------+-------------------------------------------
     0 | D:1      | voltaire321 the Deep Elf Earth Elementalist began the quest
                  | for the Orb.
     0 | D:1      | Reached XP level 1. HP: 10/10 MP: 6/6
   258 | D:1      | Reached XP level 2. HP: 15/15 MP: 6/8
   402 | D:1      | Found a faded altar of an unknown god.
   984 | D:2      | Learned a level 2 spell: Passwall
  1045 | D:2      | Reached XP level 3. HP: 20/20 MP: 7/9
  1046 | D:2      | Reached skill level 1 in Armour
  1186 | D:2      | Learned a level 3 spell: Stone Arrow
  1561 | D:2      | Reached XP level 4. HP: 24/24 MP: 8/11
  1591 | D:2      | Reached skill level 1 in Fighting
  2269 | D:3      | Slain by a sleepcap

Illustrated notes

Levels and vault maps discovered:
D:1:      lightli_arrival_statuegarden, layout_basic, serial_aquarium,
          aquarium_bridge_long_joined [aquarium_subvault_bridge,
          aquarium_subvault_window, aquarium_subvault_bridge,
          aquarium_subvault_window, aquarium_subvault_wall,
          aquarium_subvault_wall], aquarium_window_1, aquarium_window_1,
          aquarium_window_2, aquarium_view_2e, aquarium_view_2f,
          shapermc_ecumenical_altar_flowoftime
D:2:      layout_basic, minivault_11
D:3:      layout_basic

Skill      XL: |  1  2  3  4 |
---------------+-------------+-----
Armour         | 1 |  1.3
Dodging        | 3 |  3.1
Transmutations | 2 |  2.0
Fighting       | 1 |  1.0
Stealth        | |  2.4
Spellcasting   | |  3.7
Conjurations   | |  0.6
Earth Magic    | |  3.8

Action                     |  1- 3 |  4- 6 || total
---------------------------+-------+-------++-------
  Melee: Staff             |    18 |       ||    18
   Cast: Sandblast         |    43 |    21 ||    64
 Armour: Robe              |       |     1 ||     1
  Dodge: Dodged            |     1 |     8 ||     9
